 Dungeon Crawl Stone Soup version 0.30-a0-591-g3c58d2bc28 (webtiles) character file.

Game seed: 6444096272287926173

2218 melkoren the Fighter (level 9, -3/84 HPs)
             Began as a Minotaur Gladiator on Nov 11, 2022.
             Was an Initiate of Qazlal.
             Slain by a yak (10 damage)
             ... on level 6 of the Dungeon on Jan 4, 2023.
             The game lasted 00:22:01 (9217 turns).

melkoren the Fighter (Minotaur Gladiator)           Turns: 9217, Time: 00:22:02

Health: -3/84      AC: 12    Str: 18      XL:     9   Next: 13%
Magic:  8/8        EV:  9    Int:  8 (9)  God:    Qazlal [......]
Gold:   358        SH:  0    Dex: 21      Spells: 8/8 levels left

rFire   x . .      SeeInvis .    a - +0 war axe
rCold   . . .      Faith    .    (no shield)
rNeg    . . .      Spirit   .    j - +0 plate armour
rPois   .          Reflect  .    c - +0 hat
rElec   .          Harm     .    (no cloak)
rCorr   +          Rampage  .    (no gloves)
Will    .....      Clarity  +    (no boots) Stlth
                                 (no amulet)
HPRegen 0.34/turn                R - ring of resist corrosion
MPRegen 0.11/turn                D - +6 ring of dexterity

@: studying Fighting
A: horns 2, retaliatory headbutt, clarity, clever 1, deterioration 1, heat
vulnerability 1
a: Renounce Religion


You were on level 6 of the Dungeon.
You worshipped Qazlal.
Qazlal was noncommittal.
You visited 1 branch of the dungeon, and saw 6 of its levels.

You collected 358 gold pieces.


Innate Abilities, Weirdness & Mutations

You have a pair of horns on your head.
You reflexively headbutt those who attack you in melee.
You possess an exceptional clarity of mind.
Your mind is acute. (Int +4, Str/Dex -1)
Your body sometimes deteriorates upon taking damage.
You are vulnerable to heat. (rF-)


   Skills:
 + Level 9.6 Fighting
 + Level 8.2 Axes
 - Level 3.0 Throwing
 + Level 6.4 Armour
 + Level 7.4 Dodging


You had 8 spell levels left.
You didn't know any spells.
Your spell library contained the following spells:

 Spells                   Type           Power      Damage    Failure   Level
 Ensorcelled Hibernation  Hex/Ice        0%         N/A       100%        2
 Passwall                 Tmut/Erth      0%         N/A       100%        2
 Swiftness                Air            0%         N/A       100%        3

Inventory:

Hand Weapons
 a - a +0 war axe (weapon)
 v - a +0 dagger of speed
   (You found it on level 3 of the Dungeon)
 y - a +2 dagger of flaming
   (You took it off an orc on level 3 of the Dungeon)
 E - a +0 scythe
   (You took it off Sigmund on level 6 of the Dungeon)
Missiles
 d - 4 throwing nets (quivered) {=f!f}
 e - a javelin
 f - 56 stones
 h - 8 poisoned darts
 s - 5 boomerangs
Armour
 b - a +0 robe
   (You took it off an orc wizard on level 6 of the Dungeon)
 c - a +0 hat (worn)
 g - a +0 robe
   (You took it off an orc wizard on level 6 of the Dungeon)
 i - a +0 chain mail
   (You found it on level 1 of the Dungeon)
 j - a +0 plate armour (worn)
   (You found it on level 6 of the Dungeon)
 k - a +0 robe
   (You took it off an orc wizard on level 6 of the Dungeon)
 m - a +0 ring mail
   (You took it off an orc on level 6 of the Dungeon)
 o - a +0 robe
   (You took it off an orc wizard on level 6 of the Dungeon)
 u - a +0 ring mail
   (You took it off an orc on level 6 of the Dungeon)
 w - a +0 leather armour
   (You took it off an orc on level 6 of the Dungeon)
 x - +0 steam dragon scales
   (You found it on level 6 of the Dungeon)
 z - a +0 chain mail
   (You took it off an orc on level 6 of the Dungeon)
 B - a +0 scale mail
   (You took it off a gnoll sergeant on level 6 of the Dungeon)
 C - a +0 robe
   (You took it off Sigmund on level 6 of the Dungeon)
Jewellery
 D - a +6 ring of dexterity (right hand)
   (You found it on level 4 of the Dungeon)
 R - a ring of resist corrosion (left hand)
   (You found it on level 1 of the Dungeon)
 Z - a ring of wizardry
   (You found it on level 4 of the Dungeon)
Wands
 l - a wand of flame (33)
   (You found it on level 4 of the Dungeon)
 n - a wand of acid (16)
   (You found it on level 5 of the Dungeon)
 A - a wand of polymorph (4)
   (You found it on level 5 of the Dungeon)
 I - a wand of iceblast (4)
   (You found it on level 3 of the Dungeon)
Scrolls
 p - a scroll of brand weapon {unknown}
 r - a scroll of blinking {!r}
 t - 4 scrolls of identify {@r1}
Potions
 q - 3 potions of curing {@q1}

Dungeon Overview and Level Annotations

Branches:
Dungeon (6/15) Zot: 24560
 Temple: D:4-7

Altars:
Ashenzari
Cheibriados
Elyvilon
Gozag
Makhleb
Okawaru
Qazlal
Trog
Xom
Zin
The Shining One

Annotations:
D:6 1 runed translucent door, Crazy Yiuf

♣.+...#
#......#.#
.♣#...#
########.# ♣♣
### #.# #.# #.#
######## #.#
.......#
#.#######
.......#
#######[.......
.......#
......Y@#######
......##
......YY#
......#
........#
#†#####
........# ...#
........# ...#
....!...# ...#
........# ...#
...$....# ...#


You could see 3 yaks.


Message History

You kill the hound!
Qazlal accepts your kill.
No target in view!
No target in view!
You see here a hound corpse.
You see here a hound corpse.
You open the door.
There is an open door here.
There is an open door here.
You see here a +0 halberd.
Crazy Yiuf shouts!
A jelly comes into view.
The jelly quivers.
The jelly barely misses you. You furiously retaliate!
You headbutt the jelly! You slash the jelly!
You kill the jelly!
Qazlal accepts your kill.
No target in view!
No target in view!
Found a stone staircase leading down.
An iguana comes into view.
The iguana hisses angrily.
A yak comes into view.
The yak bellows!
You hear a bellow!
A yak comes into view.
A yak comes into view.
The yak bellows! x2; You hear a bellow!
A yak comes into view.
You see here a +0 ring mail.
The iguana barely misses you. You furiously retaliate!
You headbutt the iguana. You slash the iguana! The iguana barely misses you.
You furiously retaliate!
You headbutt the iguana. You slash the iguana!
You kill the iguana!
Qazlal accepts your kill.
You hit the yak but do no damage. The yak barely misses you. 😎 HP[+1]
You now have 84 max hp (+1).
Your hp is fully restored (84).
You slash the yak! You headbutt the yak. You barely miss the yak.
The yak gores you. The yak gores you! 😕 HP[-16]
You take 16 damage, and now have 68/84 hp.
You hit the yak. You hit the yak but do no damage. The yak gores you. 😕 HP[-3]
You take 3 damage, and now have 65/84 hp.
You slash the yak!
You hit the yak. x2; The yak barely misses you.
The yak gores you. The yak barely misses you.
The yak gores you but does no damage. The yak gores you! 😮 HP[-17]
You take 17 damage, and now have 48/84 hp.
MASSIVE DAMAGE!! (PAUSE)
You are too injured to fight recklessly!
You are too injured to fight recklessly!
Unknown command.
You are too injured to fight recklessly!
You slash the yak! You hit the yak.
You slash the yak! x2; The yak gores you. x2
* * * LOW HITPOINT WARNING * * *
The yak closely misses you. The yak gores you.
* * * LOW HITPOINT WARNING * * *
😨 HP[-7]
You take 7 damage, and now have 41/84 hp.
Unknown command.
You barely miss the yak. Your headbutt misses the yak. You barely miss the yak.
You slash the yak!
You kill the yak!
Qazlal accepts your kill.
You hit the yak but do no damage. The yak gores you.
* * * LOW HITPOINT WARNING * * *
The yak gores you but does no damage. The yak gores you.
* * * LOW HITPOINT WARNING * * *
😨 HP[-11]
You take 11 damage, and now have 30/84 hp.
You hit the yak. You hit the yak but do no damage. You slash the yak!
The yak barely misses you.
The yak gores you but does no damage. x2 😨 HP[+1] Unknown command.
You closely miss the yak. You headbutt the yak, but do no damage.
You hit the yak. You slash the yak!
The yak gores you but does no damage. x2
The yak completely misses you.
Unknown command.
You hit the yak but do no damage. You headbutt the yak. You hit the yak.
You slash the yak! The yak gores you but does no damage.
The yak completely misses you. You furiously retaliate!
You headbutt the yak. The yak gores you!
* * * LOW HITPOINT WARNING * * *
Your body deteriorates!
You feel dopey. 😱 HP[-10]
You take 10 damage, and now have 21/84 hp.
Unknown command.
You hit the yak but do no damage. You headbutt the yak!
You closely miss the yak. You barely miss the yak. The yak gores you!
* * * LOW HITPOINT WARNING * * *
The yak gores you but does no damage. The yak gores you!
* * * LOW HITPOINT WARNING * * *
😱 HP[-14]
You take 14 damage, and now have 7/84 hp.
Unknown command.
Okay, then.
You hit the yak but do no damage. x3; The yak gores you!
You die...

Skill      XL: |  1  2  3  4  5  6  7  8  9 |
---------------+----------------------------+-----
Axes           | 4 5 6 7 8 |  8.2
Fighting       | 3 4 5 6 9 |  9.6
Dodging        | 4 5 6 7 |  7.4
Throwing       | 3 |  3.0
Armour         | 1 3 4 6 |  6.4

Action                   |  1- 3 |  4- 6 |  7- 9 || total
-------------------------+-------+-------+-------++-------
Melee: War axe           |    89 |    99 |   218 ||   406
       Headbutt          |    10 |    19 |    50 ||    79
       Punch             |       |     2 |     4 ||     6
Evoke: Wand              |       |       |     7 ||     7
  Use: Potion            |     4 |     4 |     3 ||    11
       Scroll            |     3 |     7 |     4 ||    14
Armor: Chain mail        |    51 |    42 |    70 ||   163
       Plate armour      |       |       |    60 ||    60
Dodge: Dodged            |    43 |    61 |   127 ||   231

Levels and vault maps discovered:
D:1:      dpeg_arrival_simpleton_a, layout_basic,
          hellmonk_ecumenical_altar_run_dry
D:2:      layout_rooms, uniq_natasha, uniq_jessica
D:3:      layout_basic, nicolae_overflow_hidden_temple, zin_statuary,
          minmay_misc_feat_rugged
D:4:      layout_basic, bloody_trog, lightli_temple_of_fire,
          kennysheep_slug_shrine, chequers_temple_overflow_minitemple,
          st_stairs_1
D:5:      layout_loops_ring, minmay_overflow_temple_star_quad
D:6:      layout_basic, uniq_crazy_yiuf_cottage, uniq_sigmund, uniq_eustachio

Notes
Turn   | Place    | Note
-------+----------+-------------------------------------------
     0 | D:1      | melkoren the Minotaur Gladiator began the quest for the
                  | Orb.
     0 | D:1      | Reached XP level 1. HP: 18/18 MP: 0/0
     0 | D:1      | magus.rc [v1.11.3]
   234 | D:1      | Reached XP level 2. HP: 25/25 MP: 1/1
   275 | D:1      | You pick up a book of Burglary and begin reading...
   275 | D:1      | You add the spells Passwall, Ensorcelled Hibernation and
                  | Swiftness to your library.
   355 | D:1      | Reached skill level 4 in Axes
   407 | D:1      | Found a faded altar of an unknown god.
   477 | D:1      | Reached skill level 3 in Fighting
   672 | D:1      | Reached XP level 3. HP: 31/31 MP: 2/2
  1269 | D:2      | Noticed Jessica
  1281 | D:2      | Killed Jessica
  1282 | D:2      | Reached skill level 4 in Dodging
  1282 | D:2      | Reached XP level 4. HP: 14/38 MP: 3/3
  1504 | D:2      | Noticed Natasha
  1509 | D:2      | HP: 6/38 [white imp/puff of frost[Natasha] (10)]
  1510 | D:2      | Killed Natasha
  1511 | D:2      | Reached skill level 3 in Throwing
  1736 | D:2      | Noticed Natasha
  1737 | D:2      | Upgraded the game from 0.30-a0-358-g0d69a1922f to
                  | 0.30-a0-591-g3c58d2bc28
  1737 | D:2      | magus.rc [v1.11.3]
  1744 | D:2      | Killed Natasha
  1745 | D:2      | Reached XP level 5. HP: 27/46 MP: 4/4
  1963 | D:2      | Noticed Natasha
  1972 | D:2      | Killed Natasha
  2487 | D:3      | Reached skill level 1 in Armour
  2503 | D:3      | Reached skill level 4 in Fighting
  2601 | D:3      | Reached skill level 5 in Axes
  3081 | D:3      | Reached XP level 6. HP: 50/52 MP: 5/5
  3261 | D:3      | Found a glowing silver altar of Zin.
  3329 | D:3      | You fall into a shaft and drop 2 floors!
  3329 | D:5      | Entered Level 5 of the Dungeon
  3355 | D:5      | HP: 13/53 [ogre/+0 giant club (10)]
  3357 | D:5      | Reached skill level 2 in Armour
  3647 | D:5      | Reached skill level 5 in Dodging
  4375 | D:3      | Identified a scroll of acquirement
  4375 | D:3      | Acquired a manual of Fighting
  4517 | D:3      | Gained mutation: Your body sometimes deteriorates upon
                  | taking damage. [potion of mutation]
  4517 | D:3      | Gained mutation: You possess an exceptional clarity of
                  | mind. [potion of mutation]
  4517 | D:3      | Gained mutation: You are vulnerable to heat. (rF-) [potion
                  | of mutation]
  4517 | D:3      | Gained mutation: Your mind is acute. (Int +4, Str/Dex -1)
                  | [potion of mutation]
  4599 | D:4      | Reached skill level 3 in Armour
  4619 | D:4      | Reached skill level 5 in Fighting
  4619 | D:4      | Reached XP level 7. HP: 51/61 MP: 6/6
  4810 | D:4      | Found a bloodstained altar of Trog.
  4885 | D:4      | Found a snail-covered altar of Cheibriados.
  5343 | D:4      | Found a burning altar of Makhleb.
  5532 | D:4      | Found a stormy altar of Qazlal.
  5532 | D:4      | Found a faded altar of an unknown god.
  5538 | D:4      | Found a glowing golden altar of the Shining One.
  5543 | D:4      | Found an opulent altar of Gozag.
  5545 | D:4      | Found a broken altar of Ashenzari.
  5561 | D:4      | Became a worshipper of Qazlal Stormbringer
  5732 | D:5      | Found a white marble altar of Elyvilon.
  5966 | D:5      | Reached skill level 6 in Axes
  6113 | D:5      | Reached skill level 6 in Fighting
  6113 | D:5      | Reached skill level 4 in Armour
  6638 | D:5      | Found an iron altar of Okawaru.
  6642 | D:5      | Found a shimmering altar of Xom.
  6810 | D:6      | Noticed Eustachio
  6827 | D:6      | Reached skill level 6 in Dodging
  6831 | D:6      | Reached XP level 8. HP: 46/71 MP: 7/7
  6852 | D:6      | HP: 12/71 [river rat[Eustachio] (8)]
  7061 | D:6      | Killed Eustachio
  7062 | D:6      | Reached skill level 7 in Fighting
  7117 | D:6      | Reached skill level 7 in Axes
  7124 | D:6      | Reached skill level 5 in Armour
  7645 | D:6      | Reached skill level 8 in Fighting
  7843 | D:6      | HP: 13/74 [gnoll sergeant/+0 spear (10)]
  8156 | D:6      | HP: 17/75 [steam dragon (2)]
  8490 | D:6      | HP: 17/75 [steam dragon/ball of steam (13)]
  8496 | D:6      | Reached skill level 7 in Dodging
  8807 | D:6      | Noticed Sigmund
  8822 | D:6      | Killed Sigmund
  8823 | D:6      | Reached skill level 9 in Fighting
  8823 | D:6      | Reached skill level 6 in Armour
  8931 | D:6      | Reached XP level 9. HP: 68/83 MP: 8/8
  9004 | D:6      | Reached skill level 8 in Axes
  9130 | D:6      | Found a runed translucent door.
  9131 | D:6      | Noticed Crazy Yiuf
  9215 | D:6      | HP: 21/84 [yak (10)]
  9216 | D:6      | HP: 7/84 [yak (7)]
  9217 | D:6      | Slain by a yak

Vanquished Creatures
  Sigmund (D:6)
  A yak (D:6)
  Eustachio (D:6)
  A steam dragon (D:6)
  An acid dragon (D:5)
  An ice beast (D:6)
  3 ogres
  A phantom (D:5)
  A gnoll sergeant (D:6)
  A scorpion (D:6)
  2 necrophages (D:5)
  2 orc priests
  4 hounds
  2 jellies (D:6)
  Jessica (D:2)
  4 iguanas
  4 orc wizards (D:6)
  Natasha (thrice) (D:2)
  13 gnolls
  6 adders
  2 white imps (D:5)
  An ufetubus (D:5)
  2 worms
  2 dart slugs
  19 orcs
  14 endoplasms
  2 giant cockroaches
  4 goblins
  8 hobgoblins
  3 jackals (D:1)
  A quokka (D:3)
  8 ball pythons
  4 bats
  2 frilled lizards
  14 kobolds
  6 rats
145 creatures vanquished.

Table legend:
 A = Non-vault XP
 B = Vault XP
 C = Vault XP percentage of total XP
 D = Non-vault monster count
 E = Vault monster count
 F = Vault count percentage of total count
                 A         B        C        D         E       F
            +---------+---------+-------+---------+---------+-------
      Total |    2649 |     520 |  16.4 |     137 |       8 |   5.5
            +---------+---------+-------+---------+---------+-------
        D:1 |      44 |       0 |   0.0 |      27 |       0 |   0.0
        D:2 |     138 |      70 |  33.7 |      27 |       2 |   6.9
        D:3 |     147 |       0 |   0.0 |      26 |       0 |   0.0
        D:4 |     138 |      22 |  13.8 |      13 |       4 |  23.5
        D:5 |     769 |       0 |   0.0 |      17 |       0 |   0.0
        D:6 |    1413 |     428 |  23.2 |      27 |       2 |   6.9
            +---------+---------+-------+---------+---------+-------

Illustrated notes

Table legend:
 A = Kills in this place as a percentage of kills in entire the game.
 B = Kills by you in this place as a percentage of kills by you in the entire game.
 C = Kills by friends in this place as a percentage of kills by friends in the entire game.
 D = Other kills in this place as a percentage of other kills in the entire game.
 E = Experience gained in this place as a percentage of experience gained in the entire game.
 F = Experience gained in this place divided by the number of levels of this place that you have seen.
                   A       B       C       D       E      F
               +-------+-------+-------+-------+-------+----------------------
         Total | 100.0 | 100.0 |   N/A |   N/A | 100.0 | 528.2
       Dungeon | 100.0 | 100.0 |   N/A |   N/A | 100.0 | 528.2
               +-------+-------+-------+-------+-------+----------------------

Table legend: (Time is in decaauts)
 A = Elapsed time spent in this place.
 B = Non-inter-level travel time spent in this place.
 C = Inter-level travel time spent in this place.
 D = Time resting spent in this place.
 E = Time spent auto-exploring this place.
 F = Levels seen in this place.
 G = Mean time per level.
                   A        B        C        D        E       F      G
               +--------+--------+--------+--------+--------+-----+--------+
         Total |   9326 |   8855 |    471 |   3139 |   4472 |   6 | 1554.3 |
       Dungeon |   9326 |   8855 |    471 |   3139 |   4472 |   6 | 1554.3 |
               +--------+--------+--------+--------+--------+-----+--------+

Top non-repeatable levels by time:
     D:6: 2238 daAuts
     D:5: 1918 daAuts
     D:3: 1461 daAuts
     D:2: 1428 daAuts
     D:4: 1189 daAuts
     D:1: 1089 daAuts
